 Dungeon Crawl Stone Soup version 0.31.0-12-g77e489cdc1 (webtiles) character file.

Game seed: 8642661970094227149

1460 Aldia the Twirler (level 9, 0/71 HPs)
             Began as a Formicid Fighter on Feb 13, 2024.
             Was an Initiate of the Shining One.
             Slain by a gnoll
             ... wielding a +0 halberd
              (2 damage)
             ... on level 6 of the Dungeon.
             The game lasted 00:10:00 (5195 turns).

Aldia the Twirler (Formicid Fighter)                Turns: 5195, Time: 00:10:01

Health: 0/71       AC: 13    Str: 29    XL:     9   Next: 5%
Magic:  10/10      EV: 10    Int:  8    God:    the Shining One [......]
Gold:   296        SH:  5    Dex: 15    Spells: 8/8 levels left

rFire   . . .        a - +1 quarterstaff
rCold   . . .        c - +0 buckler
rNeg    . . .        b - +0 scale mail
rPois   .            (helmet unavailable)
rElec   .            i - +0 cloak
rCorr   .            (no gloves)
SInv    +            (no boots)
Will    .....        (no amulet) Stlth
                     h - +6 ring of strength
HPRegen 0.31/turn    E - +4 ring of protection
MPRegen 0.12/turn

%: no passive effects
@: glowing
A: permanent stasis, dig shafts and tunnels, antennae 3, four strong arms
a: Dig, Shaft Self, Renounce Religion


You were on level 6 of the Dungeon.
You worshipped the Shining One.
The Shining One was noncommittal.
You visited 2 branches of the dungeon, and saw 7 of its levels.
You also visited: Sewer.

You collected 296 gold pieces.

Inventory:

Hand Weapons
 a - a +1 quarterstaff (weapon)
Missiles
 m - 3 throwing nets
 t - 4 boomerangs
 x - 5 poisoned darts
Armour
 b - a +0 scale mail (worn)
 c - a +0 buckler (worn)
 e - a scarf of harm
 i - a +0 cloak (worn)
Jewellery
 h - a +6 ring of strength (left hand)
 o - a +5 ring of evasion
 u - a ring of wizardry
 E - a +4 ring of protection (right hand)
 F - a ring of resist corrosion
Wands
 B - a wand of polymorph (10)
 D - a wand of quicksilver (10)
Scrolls
 f - a scroll of enchant armour {unknown}
 l - a scroll of brand weapon {unknown}
 q - a scroll of immolation {unknown}
 r - 2 scrolls of enchant weapon
 v - a scroll of fear
 w - a scroll of vulnerability {unknown}
 y - a scroll of noise {unknown}
Potions
 d - a potion of haste {unknown}
 j - 2 potions of curing
 k - a potion of cancellation {unknown}
 n - a potion of degeneration {unknown}
 p - 2 potions of mutation
 s - 2 potions of lignification {unknown}
 z - a potion of heal wounds {unknown}
 A - a potion of magic {unknown}


   Skills:
 + Level 6.4 Fighting
 * Level 7.4 Staves
 - Level 2.0 Throwing
 + Level 6.5 Armour
 - Level 4.0 Shields
 + Level 1.4 Invocations


You had 8 spell levels left.
You didn't know any spells.
Your spell library contained the following spells:

 Spells                   Type           Power      Damage    Failure   Level
 Slow                     Hex            0%         N/A       69%         1
 Confusing Touch          Hex            0%         N/A       96%         3
 Sigil of Binding         Hex            0%         N/A       96%         3
 Vampiric Draining        Necr           0%         2d6       96%         3
 Chain Lightning          Conj/Air       0%         N/A       100%        9
 Fire Storm               Conj/Fire      0%         5d1       100%        9
 Shatter                  Erth           0%         3d5*      100%        9


Dungeon Overview and Level Annotations

Branches:
Dungeon (6/15)             Temple (1/1) D:5           Sewer (visited)

Altars:
Cheibriados
Gozag
Hepliaklqana
Makhleb
Okawaru
Qazlal
Uskayaw
Xom
Yredelemnul
The Shining One

Shops:
D:2 :   D:3 [

Annotations:
D:3 1 runed translucent door, Crazy Yiuf


Innate Abilities, Weirdness & Mutations

You cannot be hasted, slowed, berserked, paralysed or teleported.
You can dig through walls and to a lower floor.
You have a pair of large antennae on your head. (SInv)
Your four strong arms can wield two-handed weapons with a shield.


Message History

The gnoll hits you with a +0 halberd.
* * * LOW HITPOINT WARNING * * *
A phantom comes into view.
Okay, then.
You closely miss the gnoll.
The gnoll is heavily wounded.
You block the ufetubus's attack. The ufetubus hits you.
* * * LOW HITPOINT WARNING * * *
You block the gnoll's attack. The gnoll hits you with a +0 halberd.
* * * LOW HITPOINT WARNING * * *
Unknown command.
You thump the gnoll!
The gnoll is heavily wounded.
The ufetubus misses you. The ufetubus barely misses you. x2
The ufetubus hits you but does no damage.
You sock the gnoll!
You kill the gnoll!
The gnoll completely misses you.
The ufetubus hits you but does no damage.
You block the ufetubus's attack.
You hit the gnoll.
The gnoll is severely wounded.
The ufetubus closely misses you. The ufetubus misses you.
The gnoll hits you with a +0 halberd.
* * * LOW HITPOINT WARNING * * *
The ufetubus hits you.
* * * LOW HITPOINT WARNING * * *
The ufetubus hits you.
* * * LOW HITPOINT WARNING * * *
You barely miss the ufetubus.
The ufetubus is moderately wounded.
The gnoll misses you.
The ufetubus hits you but does no damage.
The ufetubus closely misses you.
You hit the gnoll.
The gnoll is severely wounded.
The ufetubus closely misses you.
The ufetubus hits you but does no damage.
The gnoll hits you with a +0 halberd.
You die...

.# ## g. #.. ##.##.# #,
...... ## .. .. #....
.... . . .#.##...# #....
.. . ........######.....
...#. #....Wg@5)...###
.....###.....)###.....#
......................#
......................#
.......<......##.##..##
..............##..##.#
...........######.# .#
...........######.# .##
.<.............##.##..##


You could see a phantom, a gnoll and an ufetubus.

Vanquished Creatures
  Pikel (D:5)
  An ice beast (D:6)
  An ogre (D:5)
  2 lemures (D:5)
  2 bullfrogs (Sewer)
  4 orc priests
  A bombardier beetle (D:4)
  2 iguanas (D:4)
  Natasha (twice) (D:2)
  A sleepcap (D:5)
  An orc wizard (D:3)
  11 gnolls
  12 adders
  A river rat (D:4)
  A shadow imp (D:6)
  A white imp (D:6)
  An ufetubus (D:6)
  2 ribbon worms
  12 dart slugs
  29 orcs
  2 bats (D:1)
  5 endoplasms
  14 giant cockroaches
  6 goblins
  4 hobgoblins
  8 jackals
  10 quokkas
  9 ball pythons
  8 frilled lizards
  11 kobolds
  7 rats
172 creatures vanquished.

Notes
Turn   | Place    | Note
-------+----------+-------------------------------------------
     0 | D:1      | Aldia the Formicid Fighter began the quest for the Orb.
     0 | D:1      | Reached XP level 1. HP: 18/18 MP: 1/1
   170 | D:1      | Reached XP level 2. HP: 24/24 MP: 2/2
   572 | D:1      | Reached XP level 3. HP: 29/29 MP: 3/3
   859 | D:2      | Reached skill level 3 in Staves
   869 | D:2      | Found Ferch's Vocational Training.
  1035 | D:2      | Reached XP level 4. HP: 37/37 MP: 4/4
  1196 | D:2      | Found a faded altar of an unknown god.
  1275 | D:2      | Noticed Natasha
  1281 | D:2      | Killed Natasha
  1539 | D:2      | Noticed Natasha
  1546 | D:2      | Killed Natasha
  1547 | D:2      | Reached XP level 5. HP: 40/42 MP: 5/5
  1659 | D:3      | Reached skill level 4 in Staves
  1668 | D:3      | HP: 2/42 [orc/+0 morningstar (7)]
  1673 | D:3      | HP: 1/43 [orc/+0 short sword (2)]
  1675 | D:3      | Reached XP level 6. HP: 2/49 MP: 6/6
  1726 | D:3      | Found Uzum's Antique Armour Shop.
  1944 | D:3      | Found a runed translucent door.
  1945 | D:3      | Noticed Crazy Yiuf
  2785 | D:4      | Reached skill level 5 in Staves
  2937 | D:4      | Reached XP level 7. HP: 41/55 MP: 7/7
  3016 | D:4      | Found a glowing drain.
  3020 | Sewer    | Entered a sewer
  3074 | Sewer    | Reached skill level 5 in Armour
  3194 | Sewer    | Reached skill level 5 in Fighting
  3953 | D:4      | Reached skill level 6 in Staves
  4091 | D:5      | Entered Level 5 of the Dungeon
  4147 | D:5      | Noticed Pikel
  4194 | D:5      | Killed Pikel
  4195 | D:5      | Reached XP level 8. HP: 64/64 MP: 8/8
  4272 | D:5      | Reached skill level 7 in Staves
  4528 | D:5      | Found a staircase to the Ecumenical Temple.
  4553 | Temple   | Entered the Ecumenical Temple
  4563 | Temple   | Became a worshipper of the Shining One
  5180 | D:6      | Reached skill level 1 in Invocations
  5180 | D:6      | Reached XP level 9. HP: 55/70 MP: 9/9
  5193 | D:6      | HP: 1/71 [ufetubus (3)]
  5195 | D:6      | Slain by a gnoll

Illustrated notes

Levels and vault maps discovered:
D:1:      onia_arrival_mini_maze, layout_basic, minmay_gold_behind_fungi,
          st_stairs_14
D:2:      layout_loops_ring, ebering_ecumenical_altar_abandoned,
          nicolae_shop_vocational, uniq_natasha
D:3:      cheibrodos_old_hovel, layout_rooms, serial_shops, shop,
          minmay_misc_feat_tower, uniq_crazy_yiuf_cottage
D:4:      layout_basic, gup_sewer_entry_spiral
D:5:      layout_loops_ring, minmay_temple_entry_large_hall, uniq_pikel
D:6:      layout_rooms, mainiacjoe_overflow_tiny_flanked, ebering_ghost_sewer_f,
          serial_curves, eino_curves_04, eino_curves_01, serial_shops, shop,
          grunt_decor_junction
Temple:   nicolae_temple_two_arcs

Skill      XL: |  1  2  3  4  5  6  7  8 |
---------------+-------------------------+-----
Staves         | 3 4 5 6 7 |  7.4
Armour         | 4 6 |  6.5
Fighting       | 4 6 |  6.4
Throwing       | 2 |  2.0
Invocations    | 1 |  1.4
Shields        | |  4.0

Action                     |  1- 3 |  4- 6 |  7- 9 || total
---------------------------+-------+-------+-------++-------
  Melee: Quarterstaff      |    79 |   148 |   312 ||   539
    Use: Potion            |       |     2 |       ||     2
         Scroll            |       |       |     5 ||     5
 Armour: Scale mail        |    44 |    66 |   176 ||   286
         Skin              |       |       |     8 ||     8
  Dodge: Dodged            |    30 |    81 |   203 ||   314
  Block: Buckler           |    12 |    19 |    88 ||   119
